 Dungeon Crawl Stone Soup version 0.28.0-53-g5a82cb258f (webtiles) character file.

Game seed: 383897639516537917

55 MiltankisOP the Skirmisher (level 3, -1/39 HPs)
             Began as an Ogre Gladiator on July 12, 2022.
             Succumbed to an adder's poison
             ... on level 3 of the Dungeon.
             The game lasted 00:02:02 (2467 turns).

MiltankisOP the Skirmisher (Ogre Gladiator)         Turns: 2467, Time: 00:02:02

Health: -1/39      AC:  3    Str: 20    XL:     3   Next: 93%
Magic:  3/3        EV: 10    Int:  9    God:
Gold:   40         SH:  5    Dex: 10    Spells: 2/2 levels left

rFire   + . .      SeeInvis .   a - +0 flail
rCold   + . .      Faith    .   (no shield)
rNeg    . . .      Spirit   .   b - +0 robe
rPois   +          Reflect  +   c - +0 hat
rElec   +          Harm     .   (no cloak)
rCorr   +          Rampage  .   (gloves unavailable)
Will    .....                   (boots unavailable)
Stlth   +.........              n - amulet of reflection
HPRegen 0.13/turn               (no ring)
MPRegen 0.08/turn               (no ring)

@: lethally poisoned (-1 -> -9), resistant
A: large, unfitting armour, tough skin 1
a: no special abilities


You were on level 3 of the Dungeon.
You visited 1 branch of the dungeon, and saw 3 of its levels.

You collected 40 gold pieces.

Inventory:

Hand Weapons
 a - a +0 flail (weapon)
Missiles
 d - 3 throwing nets (quivered)
Armour
 b - a +0 robe (worn)
 c - a +0 hat (worn)
Jewellery
 n - an amulet of reflection (around neck)
Scrolls
 f - a scroll of amnesia {unknown}
 g - 2 scrolls of enchant weapon {unknown}
 h - a scroll of noise {unknown}
 j - a scroll of teleportation {unknown}
 k - 3 scrolls of identify {unknown}
 l - a scroll of blinking {unknown}
 p - a scroll of enchant armour {unknown}
Potions
 e - a potion of brilliance {unknown}
 i - a potion of invisibility {unknown}
 o - a potion of curing {unknown}


   Skills:
 + Level 4.3 Fighting
 + Level 3.5 Maces & Flails
 - Level 2.0 Throwing
 - Level 2.6 Dodging


You had 2 spell levels left.
You didn't know any spells.
Your spell library was empty.

Dungeon Overview and Level Annotations

Branches:
Dungeon (3/15)

Altars:


Innate Abilities, Weirdness & Mutations

You are too large for most types of armour.
You have tough skin. (AC +1)


Message History

You are too injured to fight recklessly!
You are too injured to fight recklessly!
You are too injured to fight recklessly!
You are too injured to fight recklessly!
You are too injured to fight recklessly!
You are too injured to fight recklessly!
You feel sick.
You are no longer poisoned.
You block the adder's attack.
You completely miss the adder.
The adder is moderately wounded.
The adder bites you.
You barely miss the adder. You punch the adder.
The adder is severely wounded.
The adder barely misses you. x2; The goblin hits you with a +0 club.
You closely miss the adder.
The adder is severely wounded.
You block the adder's attack. The adder bites you.
* * * LOW HITPOINT WARNING * * *
You barely miss the adder. You punch the adder.
The adder is almost dead.
The adder bites you.
* * * LOW HITPOINT WARNING * * *
The adder closely misses you.
You miss the adder.
The adder is almost dead.
The adder bites you.
* * * LOW HITPOINT WARNING * * *
You are lethally poisoned!
The adder poisons you!
You closely miss the adder. You punch the adder.
The adder is almost dead.
* * * LOW HITPOINT WARNING * * *
You feel sick. The adder barely misses you. The adder bites you.
* * * LOW HITPOINT WARNING * * *
You are more poisoned.
The adder poisons you!
It was a potion of resistance.
You feel protected.
You die...

#.# #.# #.# # #.#
#. #.# ###.##.#
..#....#.#####.####
.........gS@.......
..#...###.#########
### #.....# #..##.#
####.##.# #.......#
#.###..## .. #..#
## #..#


You could see an adder and a goblin.

Vanquished Creatures
  An adder (D:3)
  A dart slug (D:1)
  3 endoplasms (D:1)
  4 giant cockroaches
  3 goblins
  7 hobgoblins
  2 jackals (D:2)
  A quokka (D:1)
  2 ball pythons
  4 bats
  5 frilled lizards
  3 kobolds
  6 rats
42 creatures vanquished.

Notes
Turn   | Place    | Note
-------+----------+-------------------------------------------
     0 | D:1      | MiltankisOP the Ogre Gladiator began the quest for the Orb.
     0 | D:1      | Reached XP level 1. HP: 22/22 MP: 1/1
   157 | D:1      | Reached skill level 3 in Fighting
   330 | D:1      | Found a faded altar of an unknown god.
   341 | D:1      | Reached XP level 2. HP: 31/31 MP: 2/2
  1162 | D:2      | Reached XP level 3. HP: 35/39 MP: 3/3
  1718 | D:2      | Reached skill level 4 in Fighting
  2466 | D:3      | HP: 1/39 [adder (2)]
  2467 | D:3      | Succumbed to an adder's poison

Illustrated notes

Levels and vault maps discovered:
D:1:      scummos_arrival_forest, layout_basic,
          ebering_ecumenical_altar_petrified, minmay_worlds_worst_comb
D:2:      layout_loops_ring, serial_rivers, chequers_serial_rivers_large_b,
          chequers_serial_rivers_micro_b, chequers_serial_rivers_small_a,
          chequers_serial_rivers_micro_e, chequers_serial_rivers_micro_a,
          chequers_serial_rivers_micro_d, minmay_door_square
D:3:      layout_basic

Skill      XL: |  1  2  3 |
---------------+----------+-----
Fighting       | 3 4 |  4.3
Maces & Flails | 3 |  3.5
Throwing       | |  2.0
Dodging        | |  2.6

Action                   || total
-------------------------++-------
Melee: Flail             ||   121
       Punch             ||     3
  Use: Potion            ||     1
 Stab: Sleeping          ||     3
Armor: Robe              ||    34
Dodge: Dodged            ||    64
Block: Other             ||     6
